 Dungeon Crawl Stone Soup version 0.23.2-1-ga50397a6bc (webtiles) character file.

Game seed: 9890805041887415933

27608 Ethylacetat the Archer (level 13, -13/127 HPs)
             Began as a Naga Hunter on Apr 28, 2019.
             Was the Champion of Cheibriados.
             Mangled by an enormous slime creature (16 damage)
             ... on level 12 of the Dungeon.
             The game lasted 00:44:32 (15749 turns).

Ethylacetat the Archer (Naga Hunter)               Turns: 15749, Time: 00:44:33

Health: -13/127    AC: 19    Str: 42    XL:     13   Next: 33%
Magic:  21/21      EV:  8    Int: 27    God:    Cheibriados [******]
Gold:   895        SH:  0    Dex: 30    Spells: 12/12 levels left

rFire    . . .     SeeInvis +   C - +3 shortbow (freeze)
rCold    . . .     Gourm    .   (shield currently unavailable)
rNeg     . . .     Faith    .   m - +1 ring mail "Byfu" {Str+5} (curse)
rPois    +         Spirit   .   l - +1 helmet
rElec    .         Reflect  .   g - +0 cloak
rCorr    .         Harm     .   (no gloves)
MR       +....     Clarity  +   v - +0 naga barding
Stlth    ++........             (no amulet)
HPRegen  0.31/turn              k - +6 ring of strength
MPRegen  0.17/turn              M - +5 ring of protection

@: very slow
A: large, stinger 1, see invisible, clarity, deformed body, poison resistance,
slowness 2, slow metabolism 1, spit poison 1, constrict 1, AC +4
a: Spit Poison, Bend Time, Temporal Distortion, Slouch, Step From Time, Renounce
Religion


You were on level 12 of the Dungeon.
You worshipped Cheibriados.
Cheibriados was exalted by your worship.
You were hungry.

You visited 2 branches of the dungeon, and saw 13 of its levels.
You also visited: Bailey.

You collected 895 gold pieces.

Inventory:

Hand Weapons
 x - a +1 dagger of venom
 C - a +3 shortbow of freezing (weapon)
Missiles
 d - 338 arrows (quivered)
 p - 6 curare-tipped needles
 q - a throwing net
Armour
 g - a +0 cloak (worn)
 l - a +1 helmet (worn)
 m - the cursed +1 ring mail "Byfu" (worn) {Str+5}
   (You found it on level 7 of the Dungeon)

   It affects your strength (+5).
   It has a curse placed upon it.
 v - a +0 naga barding (worn)
 A - a +2 leather armour of magic resistance
 F - the +1 robe of Sif Muna's Favour {Dex+3, unknown}
   (You found it on level 7 of the Dungeon)

   It affects your dexterity (+3).
 I - a +0 troll leather armour
Jewellery
 a - an uncursed ring of protection from cold
 j - the ring "Aliorr" {MP+9 Dex+2}
   (You found it in a bailey)

   [ring of magical power]

   It affects your dexterity (+2).
   It affects your magic capacity (+9).
 k - a +6 ring of strength (left hand)
 s - an uncursed ring of protection from magic
 B - an uncursed ring of wizardry
 H - an uncursed ring of wizardry
 M - a +5 ring of protection (right hand)
 P - an uncursed amulet of magic regeneration {unknown}
Wands
 c - a wand of iceblast (5)
 o - a wand of digging (4)
 u - a wand of acid (7)
 y - a wand of enslavement (10)
 E - a wand of disintegration (22)
 K - a wand of polymorph (8)
 R - a wand of paralysis (12)
Scrolls
 h - 2 scrolls of teleportation
 i - 3 scrolls of magic mapping
 n - 10 scrolls of identify
 r - 2 scrolls of fear {unknown}
 w - a scroll of silence {unknown}
 D - a scroll of holy word {unknown}
 G - 2 scrolls of amnesia
 J - a scroll of enchant weapon
 L - 3 scrolls of remove curse
 N - a scroll of blinking {unknown}
Potions
 b - 2 potions of experience {unknown}
 e - 3 potions of magic
 t - 2 potions of invisibility
 z - 2 potions of curing
 O - a potion of resistance
 Q - a potion of brilliance {unknown}
 T - a potion of ambrosia
Comestibles
 f - 23 rations


   Skills:
 + Level 11.6 Fighting
 * Level 14.8 Bows
 - Level 1.5 Dodging
 - Level 1.5 Stealth
 + Level 10.8 Invocations


You had 12 spell levels left.
You didn't know any spells.
Your spell library contained the following spells:

 Spells                   Type           Power        Failure   Level  Hunger
 Animate Skeleton         Necr           N/A          16%         1    ##.....
 Pain                     Necr           #...         16%         1    ##.....
 Regeneration             Chrm/Necr      #.........   43%         3    ####...
 Vampiric Draining        Necr           #.........   43%         3    ####...
 Animate Dead             Necr           N/A          83%         4    #####..


Dungeon Overview and Level Annotations

Branches:
Dungeon (12/15)            Temple (1/1) D:4            Lair (0/6) D:11
    Orc (0/2) D:10

Altars:
Ashenzari
Cheibriados
Dithmenos
Elyvilon
Fedhas
Gozag
Hepliaklqana
Kikubaaqudgha
Makhleb
Nemelex Xobeh
Okawaru
Qazlal
Ru
Sif Muna
Trog
Uskayaw
Vehumet
Wu Jian
Xom
Yredelemnul
Zin
The Shining One

Shops:
D:9 [

Portals:
Trove: D:11 (give horn of Geryon)

Annotations:
D:8 2 transporters
D:10 3 runed translucent doors, gothhamster's ghost, journeyman MiFi
D:11 2 transporters, chimenez's ghost, journeyman DrFi


Innate Abilities, Weirdness & Mutations

You cannot wear boots.
Your serpentine skin is tough. (AC +4)
You have supernaturally acute eyesight. (SInv)
Armour fits poorly on your strangely shaped body.
Your system is resistant to poisons. (rPois)
You cover ground very slowly.
You have a slow metabolism.
You can spit poison.
You can use your snake-like lower body to constrict enemies.
Your tail ends in a poisonous barb.
You possess an exceptional clarity of mind.


Message History

Firing (i - inventory. (/) - cycle)
d - 340 arrows (quivered)
Press: ? - help, Shift-Dir - straight line, f/p - enormous slime creature
Aim: an enormous slime creature (almost dead)
You shoot an arrow.
The arrow hits the enormous slime creature!
The arrow freezes the enormous slime creature.
The enormous slime creature is almost dead.
The enormous slime creature hits you!!!!
Ouch! That really hurt!
* * * LOW HITPOINT WARNING * * *
Okay, then.
Firing (i - inventory. (/) - cycle)
d - 339 arrows (quivered)
Press: ? - help, Shift-Dir - straight line, f/p - enormous slime creature
Aim: an enormous slime creature (almost dead)
You shoot an arrow.
The arrow hits the enormous slime creature.
The arrow freezes the enormous slime creature.
The enormous slime creature is almost dead.
The enormous slime creature hits you!
You die...

........# ......... +.....'.
........# ....... #.....#.
........# ..... #.....##
........# ((. #.....## ###.#####
#(# ####'## #...# #(# #.# #.###
#(# #.# #.# #J# ##)# #'######
###@## #..# .......# #....#
###.#### .......#### #....#
###......#
......)'..####....######........#
.......##...##....##.....#......#
.......####..........#####.......
.......# ####....###### #......#
#####+## #....# #.# #####.##
#....# #.# ##.#


You could see an enormous slime creature.

Vanquished Creatures
  Jorgrun (D:12)
  An orc warlord (Bailey)
  Josephine (D:12)
  Harold (D:7)
  2 two-headed ogres (D:12)
  2 deep elf magi (D:12)
  A centaur zombie (D:11)
  4 ugly things
  2 manticores
  An elephant (D:11)
  Maurice (D:8)
  Psyche (D:9)
  A gargoyle (D:11)
  A freezing wraith (D:12)
  4 trolls
  Prince Ribbit (D:6)
  2 hippogriffs
  8 slime creatures (D:12)
  A hornet (D:7)
  5 wraiths (D:12)
  A wyvern (D:9)
  A basilisk (D:11)
  A spriggan (D:7)
  31 yaks
  Edmund (D:6)
  Menkaure (D:4)
  A hungry ghost (D:10)
  An ice beast (D:6)
  8 sky beasts
  4 black bears
  6 orc warriors
  3 phantoms
  7 ogres
  17 centaurs
  A big kobold (D:7)
  2 crocodiles
  4 bullfrogs
  A wyvern zombie (D:12)
  A gnoll sergeant (D:5)
  3 scorpions
  18 killer bees
  7 wights
  A howler monkey (D:9)
  3 bullfrog zombies
  3 jellies
  A crimson imp (D:9)
  A bullfrog skeleton (D:6)
  Crazy Yiuf (D:4)
  6 hounds
  3 orc priests
  2 centaur skeletons
  12 orc wizards
  3 iguanas
  10 worker ants
  A hound zombie (D:3)
  Robin (D:4)
  A howler monkey zombie (D:6)
  10 gnolls
  21 adders
  5 shadow imps
  An ooze (D:2)
  An adder skeleton (D:6)
  2 dart slugs
  9 leopard geckos
  62 orcs
  5 giant cockroaches
  16 goblins
  14 hobgoblins
  10 jackals
  8 quokkas
  3 ball pythons
  2 bats
  10 frilled lizards
  A giant cockroach zombie (D:5)
  A jackal skeleton (D:6)
  25 kobolds
  A quokka zombie (D:7)
  5 rats
422 creatures vanquished.

Notes
Turn   | Place    | Note
-------+----------+-------------------------------------------
     0 | D:1      | Ethylacetat the Naga Hunter began the quest for the Orb.
     0 | D:1      | Reached XP level 1. HP: 19/19 MP: 1/1
   344 | D:1      | Reached XP level 2. HP: 26/26 MP: 2/2
   400 | D:1      | Reached skill level 4 in Bows
   715 | D:2      | Reached XP level 3. HP: 33/33 MP: 3/3
  1213 | D:2      | Reached XP level 4. HP: 38/40 MP: 4/4
  1589 | D:3      | Reached skill level 5 in Bows
  1589 | D:3      | Reached XP level 5. HP: 38/49 MP: 5/5
  1771 | D:3      | Found a shattered altar of Ashenzari.
  1787 | D:3      | Found a faded altar of an unknown god.
  1975 | D:3      | Noticed an ogre
  1993 | D:3      | Killed an ogre
  1993 | D:3      | Reached XP level 6. HP: 27/57 MP: 6/6
  2616 | D:4      | Noticed Menkaure
  2629 | D:4      | Killed Menkaure
  2629 | D:4      | Reached skill level 6 in Bows
  2783 | D:4      | Noticed a +0 hand axe
  2785 | D:4      | Found a hide-covered altar of Uskayaw.
  2785 | D:4      | Noticed a +0 hand axe
  2844 | D:4      | Reached XP level 7. HP: 66/66 MP: 7/7
  2882 | D:4      | Noticed Robin
  3143 | D:4      | Found a staircase to the Ecumenical Temple.
  3153 | Temple   | Entered the Ecumenical Temple
  3230 | Temple   | Became a worshipper of Cheibriados the Contemplative
  3705 | D:4      | Killed Robin
  3842 | D:4      | Found a runed translucent door.
  3843 | D:4      | Noticed Crazy Yiuf
  3860 | D:4      | Killed Crazy Yiuf
  4131 | D:5      | Entered Level 5 of the Dungeon
  4322 | D:5      | Reached skill level 7 in Bows
  4382 | D:5      | Reached skill level 5 in Fighting
  4459 | D:5      | Reached * piety under Cheibriados
  4465 | D:5      | Reached XP level 8. HP: 65/74 MP: 8/8
  4507 | D:5      | Found an ornate altar of the Wu Jian Council.
  4573 | D:5      | Reached skill level 8 in Bows
  4617 | D:5      | Found a blossoming altar of Fedhas.
  5402 | D:5      | Found a hazy altar of Hepliaklqana.
  5499 | D:6      | Noticed Edmund
  5522 | D:6      | Killed Edmund
  5522 | D:6      | Reached skill level 1 in Invocations
  5587 | D:6      | Found a deep blue altar of Sif Muna.
  5781 | D:6      | Reached skill level 9 in Bows
  5798 | D:6      | Reached ** piety under Cheibriados
  5798 | D:6      | Reached XP level 9. HP: 85/85 MP: 10/10
  5817 | D:6      | Noticed Prince Ribbit
  5836 | D:6      | Killed Prince Ribbit
  6669 | D:6      | You fall through a shaft!
  6681 | D:7      | Reached *** piety under Cheibriados
  7298 | D:7      | Reached skill level 10 in Bows
  7340 | D:7      | Noticed Harold
  7341 | D:7      | Noticed a hornet
  7352 | D:7      | Paralysed by a hornet for 2 turns
  7355 | D:7      | Killed a hornet
  7365 | D:7      | Gained mutation: Your tail ends in a poisonous barb.
                  | [potion of mutation]
  7365 | D:7      | Gained mutation: You possess an exceptional clarity of
                  | mind. [potion of mutation]
  7369 | D:7      | Killed Harold
  7369 | D:7      | Reached skill level 5 in Invocations
  7369 | D:7      | Reached XP level 10. HP: 60/96 MP: 13/13
  7620 | D:7      | Got an encrusted ring mail
  7633 | D:7      | Identified the cursed +1 ring mail "Byfu" {Str+5} (You
                  | found it on level 7 of the Dungeon)
  7707 | D:7      | Reached **** piety under Cheibriados
  7812 | D:7      | Reached skill level 11 in Bows
  7978 | D:7      | Got a warped robe
  8124 | D:8      | Noticed Maurice
  8131 | D:8      | Killed Maurice
  8262 | D:8      | Found an iron altar of Okawaru.
  8336 | D:8      | Reached ***** piety under Cheibriados
  8553 | D:8      | Found a transporter.
  8609 | D:8      | Found a transporter.
  9133 | D:9      | Found Dolixoz's Specialty Armours.
  9170 | D:9      | Noticed Psyche
  9180 | D:9      | Killed Psyche
  9208 | D:9      | Reached XP level 11. HP: 48/106 MP: 16/16
  9233 | D:9      | Found a basalt altar of Yredelemnul.
  9233 | D:9      | Found a stormy altar of Qazlal.
  9263 | D:9      | Found a flagged portal.
  9293 | Bailey   | Entered a bailey
  9368 | Bailey   | Noticed an orc warlord
  9587 | Bailey   | Reached ****** piety under Cheibriados
  9614 | Bailey   | Found a runed translucent gate.
  9616 | Bailey   | Found a runed translucent gate.
  9617 | Bailey   | Found a runed translucent gate.
  9628 | Bailey   | Reached skill level 12 in Bows
 11609 | Bailey   | Killed an orc warlord
 11918 | Bailey   | Got a fine jade ring
 11920 | Bailey   | Identified the ring "Aliorr" {MP+9 Dex+2} (You found it in
                  | a bailey)
 12632 | D:10     | Entered Level 10 of the Dungeon
 12636 | D:10     | Got a smoking trident
 12637 | D:10     | Identified the +4 trident of Peylyef {pierce, MR+} (You
                  | found it on level 10 of the Dungeon)
 12725 | D:10     | Found a staircase to the Orcish Mines.
 13067 | D:10     | Found a runed translucent gate.
 13067 | D:10     | Found a runed translucent gate.
 13067 | D:10     | Found a runed translucent gate.
 13071 | D:10     | Noticed gothhamster's ghost (journeyman MiFi)
 13083 | D:10     | Noticed a manticore
 13089 | D:10     | Killed a manticore
 13376 | D:11     | Noticed a green ugly thing
 13379 | D:11     | Killed a green ugly thing
 13432 | D:11     | Reached skill level 10 in Fighting
 13485 | D:11     | Found a portal to a secret trove of treasure.
 13498 | D:11     | Noticed a red ugly thing
 13511 | D:11     | Killed a red ugly thing
 13511 | D:11     | Reached skill level 13 in Bows
 13516 | D:11     | Reached XP level 12. HP: 93/116 MP: 18/18
 13606 | D:11     | Noticed a two-headed ogre
 13723 | D:11     | Noticed chimenez's ghost (journeyman DrFi)
 13750 | D:11     | Found a bloodstained altar of Trog.
 13757 | D:11     | Found a transporter.
 13759 | D:11     | Found a transporter.
 13938 | D:11     | Found a staircase to the Lair.
 14300 | D:12     | Noticed Josephine
 14312 | D:12     | Killed Josephine
 14355 | D:12     | Noticed Jorgrun
 14372 | D:12     | Killed Jorgrun
 14372 | D:12     | Reached skill level 14 in Bows
 14372 | D:12     | Reached skill level 10 in Invocations
 14785 | D:12     | Gained mutation: You can use your snake-like lower body to
                  | constrict enemies. [Naga growth]
 14785 | D:12     | Reached XP level 13. HP: 127/127 MP: 20/20
 14934 | D:12     | Found a snail-covered altar of Cheibriados.
 15748 | D:12     | HP: 2/127 [enormous slime creature (74)]
 15749 | D:12     | Mangled by an enormous slime creature

Skill      XL: |  1  2  3  4  5  6  7  8  9 10 11 12 |
---------------+-------------------------------------+-----
Bows           | 4 5 6 7 9 10 11 13 14 | 14.8
Fighting       | 3 4 5 6 8 9 10 11 | 11.6
Invocations    | 2 5 6 8 10 | 10.8
Dodging        | |  1.5
Stealth        | |  1.5

Action                   |  1- 3 |  4- 6 |  7- 9 | 10-12 | 13-15 || total
-------------------------+-------+-------+-------+-------+-------++-------
Melee: Short sword       |    78 |    90 |    33 |       |       ||   201
       Dagger            |       |       |   131 |     9 |       ||   140
       Tailslap          |       |       |     2 |     3 |       ||     5
       Unarmed           |       |       |       |     2 |       ||     2
 Fire: Blowgun           |       |     3 |     3 |       |       ||     6
       Shortbow          |       |    10 |   260 |   713 |   155 ||  1138
 Abil: Spit Poison       |    29 |    31 |    33 |     2 |       ||    95
Evoke: Wand              |       |       |       |    15 |       ||    15
  Use: Scroll            |     5 |     1 |     1 |     6 |     2 ||    15
       Potion            |       |       |     6 |     8 |       ||    14
  Eat: Chunk             |     2 |     4 |    13 |    10 |     1 ||    30
       Ration            |       |       |       |     1 |       ||     1
Armor: Ring mail         |    30 |     8 |       |   119 |    30 ||   187
       Leather armour    |     2 |    28 |   132 |    21 |       ||   183
       Skin              |       |       |       |     2 |       ||     2
Dodge: Dodged            |    32 |    48 |   144 |    87 |    16 ||   327
